cohdb
Replays
Latest Replays
All Replays
Popular Replays
Top Player Replays
Match Explorer
How It Works
Community
CoH3 Stats
Reddit
Sign in to upload your games and track your stats! →
Sign in with Steam
Match 44008277
Unlisted
Match 44008277
Overview
Messages
Build Orders
End
Pioneer Squad
Pioneer Squad
Construct Infanterie Kompanie
MG 42 Machine Gun Team
Grenadier Squad
Grenadier Squad
Construct Luftwaffe Kompanie
Selects Terror Battlegroup
Selects Machine Gun Camouflage
Flak 30 Anti-aircraft Gun Team
Jäger Squad
Selects Defend the Fatherland
Support Elements
Medical Bunker
Wirbelwind Flakpanzer
Defend the Fatherland
Selects Interrogate
Construct Panzer Kompanie
Stoßtruppen Squad
Panzer IV Medium Tank
Defend the Fatherland
Selects Propaganda Leaflet Drop
Propaganda Leaflet Drop
Jopjahh
Arminius
0
0
Comments
sign in to comment!
No comments posted yet!